Description

sdfasdfasf

Replay - Whatever

Build Order

Get SALT Encoding   

  12  0:00  Probe  
  13  0:12  Probe  
  14  0:19  Pylon  
  14  0:25  Probe  
  15  0:37  Probe  
  15  0:38  Gateway  
  16  0:48  Assimilator  
  16  0:49  Probe  
  17  1:01  Pylon, Probe  
  18  1:13  Probe  
  19  1:25  Cybernetics Core  
  19  1:26  Zealot  
  22  1:35  Assimilator  
  23  1:49  Gateway  
  24  2:05  Robotics Facility  
  25  2:09  Warp Gate (Chrono Boost)  
  26  2:23  Pylon  
  26  2:24  Sentry  
  29  2:38  Gateway  
  29  2:51  Gateway  
  29  2:54  Pylon  
  29  3:07  Immortal  
  33  3:22  Pylon  
  33  3:39  Stalker x3  
  38  4:04  Stalker x3  
  44  4:14  Immortal (Chrono Boost)  
  44  4:36  Stalker x2  
Spawning Tool Build Advisor. Get it on Overwolf

Go to:

Details

  • Created by: azbairos
  • Published on: Dec 02, 2017
  • Modified on: Dec 02, 2017
  • Patch: 4.0.0
Show
View Real Time Build Order
Export as new Build Order

Comments (0)

There are no comments. Be the first!

Create an account to comment!